[Event "NSV Open-ch Rapid 2019"]
[Site "Lueneburg"]
[Date "2019.08.03"]
[Round "4.22"]
[White "Harnack, Bernhard"]
[Black "Rempe, Jonas"]
[Result "0-1"]
[ECO "C20"]
[WhiteElo "1712"]
[BlackElo "1839"]
[Annotator "NA RC"]
[PlyCount "112"]
[EventDate "2019.08.03"]
[EventType "swiss"]
[EventCountry "GER"]
[SourceTitle "playchess.com"]
[Source "ChessBase"]
[SourceQuality "1"]
[TimeControl "600+5"]

1. e4 e5 2. g3 Nf6 3. Bg2 Nc6 4. Ne2 d5 5. exd5 Nxd5 6. O-O Be6 7. c3 Qd7 8. d4 O-O-O 9. dxe5 Nxe5 10. Bf4 f6 11. Na3 Bh3 12. Bxe5 fxe5 13. Qb3 Bxg2 14. Kxg2 Qg4 15. Rae1 Nf4+ 16. Nxf4 exf4 17. h3 Qg5 18. Qe6+ Kb8 19. Nc4 fxg3 20. fxg3 Bd6 21. Nxd6 Rxd6 22. Qe3 Rd2+ 23. Rf2 Qd5+ 24. Kg1 Rxf2 25. Qe8+ Qd8 26. Qxd8+ Rxd8 27. Kxf2 b6 28. Re2 Kb7 29. c4 Kc6 30. b3 Rd7 31. a3 Kc5 32. Ke3 Re7+ 33. Kd3 Rxe2 34. Kxe2 Kd4 35. Kd2 c5 36. g4 g5 37. Kc2 Ke3 38. b4 Kf3 39. bxc5 bxc5 40. Kd3 a6 41. a4 a5 42. Kd2 Kg3 43. Ke3 Kxh3 44. Ke4 Kxg4 45. Kd5 h5 46. Kxc5 h4 47. Kd6 h3 48. c5 h2 49. c6 h1=Q 50. c7 Qd1+ 51. Ke7 Qe2+ 52. Kd8 Qd3+ 53. Ke7 Qe4+ 54. Kd8 Qd4+ 55. Ke7 Qe5+ 56. Kd8 Qd6+ 0-1

[Event "NSV Open-ch Rapid 2019"]
[Site "Lueneburg"]
[Date "2019.08.03"]
[Round "4.23"]
[White "Rick, Niklas Corvin"]
[Black "Doederlein, Etienne"]
[Result "1/2-1/2"]
[ECO "A84"]
[WhiteElo "1444"]
[BlackElo "1868"]
[Annotator "NA RC"]
[PlyCount "101"]
[EventDate "2019.08.03"]
[EventType "swiss"]
[EventCountry "GER"]
[SourceTitle "playchess.com"]
[Source "ChessBase"]
[SourceQuality "1"]
[TimeControl "600+5"]

1. d4 e6 2. c4 f5 3. Nf3 Nf6 4. Bf4 Be7 5. e3 c6 6. Nc3 d5 7. cxd5 cxd5 8. Be2 O-O 9. O-O Nc6 10. Rc1 Ne4 11. Nb5 a6 12. Nc7 Ra7 13. Nd2 g5 14. Be5 Nd6 15. Nxa6 Nxe5 16. dxe5 Nc4 17. Nxc4 dxc4 18. Qxd8 Rxd8 19. Bxc4 bxa6 20. f4 g4 21. h3 h5 22. hxg4 hxg4 23. Kf2 Rd2+ 24. Kg3 Kg7 25. Bb3 Bb7 26. Rf2 Rxf2 27. Kxf2 Bd5 28. Bxd5 exd5 29. Rc6 a5 30. Ke2 Rb7 31. b3 a4 32. Rc3 axb3 33. Rxb3 Ra7 34. Rb2 Kf7 35. Kd3 Bc5 36. Rb5 Ra3+ 37. Kc2 Rxa2+ 38. Kb3 Ra3+ 39. Kb2 Rxe3 40. Rxc5 Re2+ 41. Rc2 Re4 42. Rd2 Ke6 43. g3 Re3 44. Rg2 d4 45. Kc2 Kd5 46. Kd2 Ra3 47. Rg1 Ra2+ 48. Kd3 Ra3+ 49. Kd2 Rxg3 50. Re1 Re3 51. e6 1/2-1/2

[Event "NSV Open-ch Rapid 2019"]
[Site "Lueneburg"]
[Date "2019.08.03"]
[Round "4.25"]
[White "Kueck, Alexander"]
[Black "Schubert, Karl Heinz"]
[Result "1-0"]
[ECO "A21"]
[WhiteElo "1374"]
[BlackElo "1335"]
[Annotator "NA RC"]
[PlyCount "49"]
[EventDate "2019.08.03"]
[EventType "swiss"]
[EventCountry "GER"]
[SourceTitle "playchess.com"]
[Source "ChessBase"]
[SourceQuality "1"]
[TimeControl "600+5"]

1. c4 e5 2. Nc3 Nf6 3. e3 Bb4 4. Qc2 Nc6 5. Nge2 d5 6. cxd5 Nxd5 7. Nxd5 Qxd5 8. Nc3 Qe6 9. b3 Qf6 10. Nd5 Qd6 11. Bc4 Be6 12. Nxb4 Nxb4 13. Qc3 Nc6 14. Bb2 O-O-O 15. O-O-O Nb4 16. Qxe5 Qa6 17. Bxa6 Nxa6 18. Qxg7 Rhg8 19. Qxh7 Nb4 20. Kb1 Nd3 21. f4 Nf2 22. Qc2 Nxh1 23. Rxh1 Rd6 24. Be5 Rd5 25. Qxc7# 1-0

[Event "NSV Open-ch Rapid 2019"]
[Site "Lueneburg"]
[Date "2019.08.03"]
[Round "5.10"]
[White "Kotyk, Michael"]
[Black "Joppien, Arne"]
[Result "1-0"]
[ECO "B11"]
[WhiteElo "1998"]
[BlackElo "1940"]
[Annotator "NA RC"]
[PlyCount "57"]
[EventDate "2019.08.03"]
[EventType "swiss"]
[EventCountry "GER"]
[SourceTitle "playchess.com"]
[Source "ChessBase"]
[SourceQuality "1"]
[TimeControl "600+5"]

1. e4 c6 2. Nc3 d5 3. Qe2 d4 4. Nd1 e5 5. d3 c5 6. g3 Nc6 7. f4 g6 8. Nf3 Bg7 9. Nf2 Nge7 10. Bg2 O-O 11. O-O f5 12. exf5 Bxf5 13. fxe5 h6 14. Ne4 b6 15. Nd6 Bg4 16. Nc4 b5 17. Nd6 Rb8 18. a4 a6 19. axb5 axb5 20. Ne4 Qb6 21. Nf6+ Bxf6 22. exf6 Rxf6 23. Bxh6 Kh7 24. Ng5+ Kxh6 25. Qxg4 Nf5 26. Qh3+ Kg7 27. Qh7+ Kf8 28. Qh8+ Ke7 29. Rae1+ 1-0

[Event "NSV Open-ch Rapid 2019"]
[Site "Lueneburg"]
[Date "2019.08.03"]
[Round "5.13"]
[White "Chennaoui, Yasin"]
[Black "Egelriede, Nikolas"]
[Result "1-0"]
[ECO "A12"]
[WhiteElo "2092"]
[BlackElo "1865"]
[Annotator "NA RC"]
[PlyCount "73"]
[EventDate "2019.08.03"]
[EventType "swiss"]
[EventCountry "GER"]
[SourceTitle "playchess.com"]
[Source "ChessBase"]
[SourceQuality "1"]
[TimeControl "600+5"]

1. g3 d5 2. Bg2 Nf6 3. c4 c6 4. Nf3 Bf5 5. O-O e6 6. b3 Be7 7. Bb2 O-O 8. d3 h6 9. Nbd2 Nbd7 10. Ne5 Nxe5 11. Bxe5 Nd7 12. Bb2 Re8 13. Nf3 Bd6 14. Re1 Qe7 15. cxd5 cxd5 16. e4 dxe4 17. dxe4 Bg4 18. Qd4 e5 19. Qd5 b6 20. Rad1 Bb4 21. Re3 Be6 22. Qb5 a6 23. Qe2 Bg4 24. Red3 Nc5 25. Rd5 Nd7 26. h3 Be6 27. R5d3 Nc5 28. Rd6 Nd7 29. R6d3 Nc5 30. Rd6 Nd7 31. Rc6 b5 32. Qc2 Ba5 33. Bc3 b4 34. Bxe5 Nxe5 35. Nxe5 Rac8 36. Rc1 Rcd8 37. Qc5 1-0

[Event "NSV Open-ch Rapid 2019"]
[Site "Lueneburg"]
[Date "2019.08.03"]
[Round "5.14"]
[White "Rempe, Jonas"]
[Black "Daemmig, Matthias"]
[Result "0-1"]
[ECO "B29"]
[WhiteElo "1839"]
[BlackElo "2059"]
[Annotator "NA RC"]
[PlyCount "46"]
[EventDate "2019.08.03"]
[EventType "swiss"]
[EventCountry "GER"]
[SourceTitle "playchess.com"]
[Source "ChessBase"]
[SourceQuality "1"]
[TimeControl "600+5"]

1. e4 c5 2. Nf3 Nf6 3. Nc3 d5 4. e5 Nfd7 5. Nxd5 Nxe5 6. Bb5+ Nbc6 7. Nxe5 Qxd5 8. Qe2 Qxg2 9. Rf1 Bh3 10. Qe3 e6 11. Nxc6 bxc6 12. Bxc6+ Qxc6 13. Qxh3 Be7 14. d3 Bf6 15. c3 Rd8 16. Bd2 Qb5 17. O-O-O Rxd3 18. Qg2 O-O 19. Rg1 Rb8 20. Kc2 c4 21. Rb1 Qa4+ 22. b3 Qxa2+ 23. Rb2 Rxd2+ 0-1

[Event "NSV Open-ch Rapid 2019"]
[Site "Lueneburg"]
[Date "2019.08.04"]
[Round "5.16"]
[White "Reimers, Achim"]
[Black "Serrer, David"]
[Result "1-0"]
[ECO "A48"]
[WhiteElo "1975"]
[BlackElo "1516"]
[Annotator "NA RC"]
[PlyCount "82"]
[EventDate "2019.08.03"]
[EventType "swiss"]
[EventCountry "GER"]
[SourceTitle "playchess.com"]
[Source "ChessBase"]
[SourceQuality "1"]
[TimeControl "600+5"]

1. d4 Nf6 2. c3 g6 3. Bf4 Bg7 4. e3 O-O 5. h3 d6 6. Nf3 Bf5 7. Be2 Nbd7 8. O-O c5 9. Nbd2 Nb6 10. Rc1 Rc8 11. Re1 Ne4 12. Nxe4 Bxe4 13. Bd3 Bxd3 14. Qxd3 c4 15. Qc2 d5 16. e4 e6 17. exd5 Nxd5 18. Qd2 Nxf4 19. Qxf4 Qc7 20. Qd2 b5 21. Re2 Qa5 22. a3 Rcd8 23. Rce1 Qb6 24. Qg5 Qb8 25. Qh4 h6 26. Ne5 Bxe5 27. Rxe5 Kg7 28. R1e3 Rd5 29. f4 Rxe5 30. fxe5 Qd8 31. Qf4 Qg5 32. Qe4 a5 33. Re2 Rb8 34. Rf2 b4 35. axb4 axb4 36. d5 exd5 37. Qxd5 Qe7 38. Qd4 Rd8 39. Qxc4 Rd1+ 40. Kh2 Qxe5+ 41. Qf4 Qxf4+ 1-0

[Event "NSV Open-ch Rapid 2019"]
[Site "Lueneburg"]
[Date "2019.08.03"]
[Round "5.18"]
[White "Marzik, Arne"]
[Black "Schulz, Daniel"]
[Result "0-1"]
[ECO "D78"]
[WhiteElo "1366"]
[BlackElo "2071"]
[Annotator "NA RC"]
[PlyCount "59"]
[EventDate "2019.08.03"]
[EventType "swiss"]
[EventCountry "GER"]
[SourceTitle "playchess.com"]
[Source "ChessBase"]
[SourceQuality "1"]
[TimeControl "600+5"]

1. d4 g6 2. Nf3 Bg7 3. g3 Nf6 4. Bg2 O-O 5. O-O d5 6. c4 c6 7. Nc3 dxc4 8. e4 b5 9. a4 b4 10. e5 bxc3 11. exf6 cxb2 12. Bxb2 exf6 13. Nd2 Be6 14. Bc3 Bd5 15. Bh3 Na6 16. Re1 Rb8 17. a5 Nb4 18. Ra4 Qd6 19. Ne4 Bxe4 20. Rxe4 f5 21. Re2 Nd5 22. Rxc4 Nxc3 23. Rxc3 Bxd4 24. Rc4 c5 25. Bg2 Rfe8 26. Rxe8+ Rxe8 27. Qa4 Re2 28. Bf1 Rxf2 29. Qe8+ Kg7 30. Bg2 0-1

[Event "NSV Open-ch Rapid 2019"]
[Site "Lueneburg"]
[Date "2019.08.03"]
[Round "5.19"]
[White "Guo, Philipp Ziming"]
[Black "Rothenberg, Jannik"]
[Result "0-1"]
[ECO "C11"]
[WhiteElo "1728"]
[BlackElo "1859"]
[Annotator "NA RC"]
[PlyCount "70"]
[EventDate "2019.08.03"]
[EventType "swiss"]
[EventCountry "GER"]
[SourceTitle "playchess.com"]
[Source "ChessBase"]
[SourceQuality "1"]
[TimeControl "600+5"]

1. e4 e6 2. d4 d5 3. Nc3 Nf6 4. e5 Nfd7 5. f4 c5 6. Nf3 Nc6 7. Be3 a6 8. Qd2 b5 9. dxc5 Nxc5 10. Nd4 Nxd4 11. Bxd4 b4 12. Ne2 Ne4 13. Qe3 a5 14. Ng3 Nxg3 15. Qxg3 Ba6 16. Bd3 Qc7 17. O-O Bc5 18. Bxc5 Qxc5+ 19. Rf2 Bxd3 20. Qxd3 Rc8 21. Rd1 O-O 22. Kh1 Qxf2 23. Rf1 Qc5 24. f5 Qxc2 25. Qh3 exf5 26. Qf3 Qe4 27. Qg3 f4 28. Qg4 Qxe5 29. h3 d4 30. Rxf4 Rc1+ 31. Kh2 Rf1 32. g3 Rxf4 33. gxf4 Qe3 34. f5 d3 35. f6 Qe2+ 0-1

[Event "NSV Open-ch Rapid 2019"]
[Site "Lueneburg"]
[Date "2019.08.03"]
[Round "5.20"]
[White "Doederlein, Etienne"]
[Black "Kueck, Alexander"]
[Result "1-0"]
[ECO "A01"]
[WhiteElo "1868"]
[BlackElo "1374"]
[Annotator "NA RC"]
[PlyCount "71"]
[EventDate "2019.08.03"]
[EventType "swiss"]
[EventCountry "GER"]
[SourceTitle "playchess.com"]
[Source "ChessBase"]
[SourceQuality "1"]
[TimeControl "600+5"]

1. b3 e5 2. Bb2 Nc6 3. e3 d5 4. Bb5 Bd6 5. f4 Qe7 6. Nf3 f6 7. fxe5 fxe5 8. O-O Bd7 9. Nc3 Nf6 10. d3 e4 11. dxe4 dxe4 12. Bxc6 Bxc6 13. Nd4 Qe5 14. g3 Bd7 15. a4 Ng4 16. Qe2 O-O-O 17. Ncb5 Kb8 18. Nxd6 cxd6 19. c4 Qe8 20. Rad1 Bc6 21. Qxg4 Rg8 22. Qe6 Qh5 23. Nxc6+ bxc6 24. Rxd6 Rde8 25. Qf5 Qh6 26. Rxh6 gxh6 27. Be5+ Ka8 28. Qxe4 Rc8 29. Rf6 Kb7 30. Qxh7+ Ka8 31. Qxh6 Rcd8 32. Rxc6 Rd1+ 33. Kg2 Rd2+ 34. Kh3 Rdd8 35. Rg6 Rh8 36. Bxh8 1-0

[Event "NSV Open-ch Rapid 2019"]
[Site "Lueneburg"]
[Date "2019.08.03"]
[Round "5.21"]
[White "Mundt, Alexandra"]
[Black "Britsch, Benjamin"]
[Result "1-0"]
[ECO "C10"]
[WhiteElo "1756"]
[BlackElo "1835"]
[Annotator "NA RC"]
[PlyCount "59"]
[EventDate "2019.08.03"]
[EventType "swiss"]
[EventCountry "GER"]
[SourceTitle "playchess.com"]
[Source "ChessBase"]
[SourceQuality "1"]
[TimeControl "600+5"]

1. e4 e6 2. d4 d5 3. Nd2 dxe4 4. Nxe4 Bd7 5. Nf3 Bc6 6. Ng3 Qf6 7. Be2 h6 8. O-O Nd7 9. Re1 O-O-O 10. Be3 Nb6 11. Qd2 Nd5 12. Qa5 Nxe3 13. fxe3 Kb8 14. Ne5 Ne7 15. Rf1 Qg5 16. Nxc6+ Nxc6 17. Qxg5 hxg5 18. Rxf7 e5 19. c3 exd4 20. exd4 Rh6 21. Raf1 Bd6 22. Nf5 Bxh2+ 23. Kf2 Rf6 24. Rxf6 gxf6 25. g3 Re8 26. Bb5 Re6 27. Rh1 Bxg3+ 28. Kxg3 Ne7 29. Rh8+ Nc8 30. Bd7 1-0

[Event "NSV Open-ch Rapid 2019"]
[Site "Lueneburg"]
[Date "2019.08.03"]
[Round "5.22"]
[White "Weidenhoefer, Max"]
[Black "Rick, Niklas Corvin"]
[Result "1-0"]
[ECO "B13"]
[WhiteElo "1805"]
[BlackElo "1444"]
[Annotator "NA RC"]
[PlyCount "53"]
[EventDate "2019.08.03"]
[EventType "swiss"]
[EventCountry "GER"]
[SourceTitle "playchess.com"]
[Source "ChessBase"]
[SourceQuality "1"]
[TimeControl "600+5"]

1. e4 d5 2. exd5 Nf6 3. c4 c6 4. d4 cxd5 5. Nc3 Bf5 6. Nf3 e6 7. c5 Nc6 8. Bf4 Be7 9. Bb5 O-O 10. Bxc6 bxc6 11. O-O Qd7 12. Ne5 Qb7 13. Qd2 Rfd8 14. a3 a5 15. Na4 Ne4 16. Qe2 Qb5 17. Qxb5 cxb5 18. Nb6 Ra6 19. Nc6 Re8 20. Nxe7+ Rxe7 21. f3 Nf6 22. Bg5 Rc7 23. Bxf6 gxf6 24. Rac1 e5 25. dxe5 fxe5 26. Nxd5 Rc8 27. Ne7+ 1-0

[Event "NSV Open-ch Rapid 2019"]
[Site "Lueneburg"]
[Date "2019.08.04"]
[Round "6.4"]
[White "Kotyk, Michael"]
[Black "Toepper, Olaf"]
[Result "1-0"]
[ECO "A05"]
[WhiteElo "1998"]
[BlackElo "1896"]
[Annotator "NA RC"]
[PlyCount "95"]
[EventDate "2019.08.03"]
[EventType "swiss"]
[EventCountry "GER"]
[SourceTitle "playchess.com"]
[Source "ChessBase"]
[SourceQuality "1"]
[TimeControl "600+5"]

1. Nf3 Nf6 2. b3 g6 3. Bb2 Bg7 4. g3 O-O 5. Bg2 d5 6. O-O c5 7. e3 Nc6 8. d4 cxd4 9. Nxd4 Nxd4 10. Bxd4 Bf5 11. Nd2 Rc8 12. c4 dxc4 13. Nxc4 b5 14. Ne5 Ne4 15. g4 Bxe5 16. Bxe5 f6 17. Bf4 Nd2 18. gxf5 Nxf1 19. Qd5+ Kh8 20. Rxf1 Qe8 21. fxg6 Qxg6 22. Kh1 Rcd8 23. Qe6 Rg8 24. Be4 Qg7 25. Bg3 Rd2 26. a4 bxa4 27. bxa4 Rgd8 28. Kg2 R8d6 29. Qc8+ Rd8 30. Qf5 Qf7 31. Rc1 Rg8 32. Rc7 a6 33. Ra7 Rd6 34. Kf3 Rdd8 35. Rxa6 Rg5 36. Qh3 Rh5 37. Qf1 Rc5 38. Kg2 Rg8 39. Qd3 h5 40. h4 Rcc8 41. Bf5 Rcd8 42. Qe4 Rd2 43. Be6 Qg7 44. Bxg8 Qxg8 45. Ra5 Qf7 46. Qf5 Qa2 47. Qg6 Rd5 48. Ra8+ 1-0

[Event "NSV Open-ch Rapid 2019"]
[Site "Lueneburg"]
[Date "2019.08.04"]
[Round "6.10"]
[White "Aarav Dengla"]
[Black "Chennaoui, Yasin"]
[Result "1/2-1/2"]
[ECO "B22"]
[WhiteElo "2051"]
[BlackElo "2092"]
[Annotator "NA RC"]
[PlyCount "112"]
[EventDate "2019.08.03"]
[EventType "swiss"]
[EventCountry "GER"]
[SourceTitle "playchess.com"]
[Source "ChessBase"]
[SourceQuality "1"]
[TimeControl "600+5"]

1. e4 c5 2. c3 d5 3. exd5 Qxd5 4. d4 Nc6 5. Nf3 Nf6 6. Na3 cxd4 7. Nb5 Qd8 8. Nbxd4 Nxd4 9. Nxd4 e6 10. Bb5+ Bd7 11. O-O Bc5 12. Bxd7+ Qxd7 13. Nb3 Bb6 14. Qxd7+ Kxd7 15. Bf4 Rhd8 16. Rad1+ Ke7 17. Nd2 Nd5 18. Bg3 Bc7 19. Bxc7 Nxc7 20. Nc4 Rxd1 21. Rxd1 Rd8 22. Rxd8 Kxd8 23. Nd6 b5 24. Nxf7+ Ke7 25. Ne5 Kd6 26. Nf7+ Ke7 27. Ne5 Kd6 28. Nd3 Kd5 29. b3 Ke4 30. Nc5+ Kd5 31. Nd3 Ke4 32. Nb2 Nd5 33. c4 Nc3 34. Kf1 Nxa2 35. cxb5 Nc1 36. Nc4 Nxb3 37. b6 axb6 38. Nxb6 Nc1 39. Nd7 Kf5 40. Ke1 h5 41. Kd2 Nb3+ 42. Ke3 Na5 43. Kd3 Nc6 44. f3 g5 45. Ke3 Ne7 46. g3 e5 47. g4+ hxg4 48. fxg4+ Kxg4 49. Nxe5+ Kh3 50. Nf3 Nf5+ 51. Ke4 g4 52. Ne5 Nd6+ 53. Kf4 Nc8 54. Nd3 Ne7 55. Nf2+ Kxh2 56. Kxg4 Nf5 1/2-1/2

[Event "NSV Open-ch Rapid 2019"]
[Site "Lueneburg"]
[Date "2019.08.04"]
[Round "6.12"]
[White "Schulz, Daniel"]
[Black "Reimers, Achim"]
[Result "1-0"]
[ECO "A90"]
[WhiteElo "2071"]
[BlackElo "1975"]
[Annotator "NA RC"]
[PlyCount "58"]
[EventDate "2019.08.03"]
[EventType "swiss"]
[EventCountry "GER"]
[SourceTitle "playchess.com"]
[Source "ChessBase"]
[SourceQuality "1"]
[TimeControl "600+5"]

1. d4 d5 2. c4 c6 3. Nf3 e6 4. g3 f5 5. Bg2 Nf6 6. O-O Bd6 7. Nc3 O-O 8. Qc2 Nbd7 9. cxd5 cxd5 10. Nb5 Bb8 11. Bf4 a6 12. Nc7 Bxc7 13. Qxc7 Qxc7 14. Bxc7 Ne4 15. Rac1 Ndf6 16. Bf4 h6 17. Rc7 Rf7 18. Rxf7 Kxf7 19. Ne5+ Ke8 20. Rc1 Nd7 21. Rc7 Nef6 22. h4 Kd8 23. Nf7+ Ke8 24. Nd6+ Kd8 25. Nxb7+ Bxb7 26. Rxb7 Rc8 27. Bf3 Rc6 28. Kg2 Rb6 29. Bc7+ Ke8 1-0

[Event "NSV Open-ch Rapid 2019"]
[Site "Lueneburg"]
[Date "2019.08.04"]
[Round "6.14"]
[White "Rothenberg, Jannik"]
[Black "Rothenberg, Nina"]
[Result "1-0"]
[ECO "D58"]
[WhiteElo "1859"]
[BlackElo "1768"]
[Annotator "NA RC"]
[PlyCount "57"]
[EventDate "2019.08.03"]
[EventType "swiss"]
[EventCountry "GER"]
[SourceTitle "playchess.com"]
[Source "ChessBase"]
[SourceQuality "1"]
[TimeControl "600+5"]

1. d4 e6 2. c4 Nf6 3. Nf3 d5 4. Nc3 Be7 5. Bg5 O-O 6. e3 h6 7. Bh4 b6 8. cxd5 exd5 9. Be2 Bb7 10. O-O c5 11. dxc5 bxc5 12. Qb3 Qc7 13. Bxf6 Bxf6 14. Nxd5 Bxd5 15. Qxd5 Bxb2 16. Rab1 Nc6 17. Rxb2 Nb4 18. Qc4 Qa5 19. h3 Rfd8 20. Rc1 Rac8 21. Ne5 Qc7 22. Rxb4 Qxe5 23. Rb7 Qf6 24. Rxa7 Rd2 25. Bf3 Rb8 26. Qxc5 Rbb2 27. Rf1 Rbc2 28. Ra8+ Kh7 29. Be4+ 1-0

[Event "NSV Open-ch Rapid 2019"]
[Site "Lueneburg"]
[Date "2019.08.04"]
[Round "6.16"]
[White "Kolhoff, Manfred"]
[Black "Doederlein, Etienne"]
[Result "1-0"]
[ECO "B05"]
[WhiteElo "1616"]
[BlackElo "1868"]
[Annotator "NA RC"]
[PlyCount "108"]
[EventDate "2019.08.03"]
[EventType "swiss"]
[EventCountry "GER"]
[SourceTitle "playchess.com"]
[Source "ChessBase"]
[SourceQuality "1"]
[TimeControl "600+5"]

1. e4 Nf6 2. e5 Nd5 3. d4 d6 4. c4 Nb6 5. exd6 exd6 6. Nf3 Bg4 7. Qb3 Bxf3 8. Qxf3 Qe7+ 9. Be3 c6 10. Nc3 g6 11. Be2 Bg7 12. Rd1 O-O 13. O-O N8d7 14. Rfe1 Rfe8 15. h3 Nf6 16. Kf1 Ne4 17. Bd3 Nxc3 18. bxc3 Qf6 19. Qg3 Qd8 20. Bf4 d5 21. c5 Nc4 22. Bxc4 dxc4 23. Bd6 Qa5 24. Rxe8+ Rxe8 25. Ra1 Qa3 26. Bf4 Qb2 27. Rc1 Qxa2 28. Qg4 Re6 29. Qg5 Qa5 30. Be3 Qc7 31. Ra1 a6 32. Qg4 f5 33. Qe2 Qh2 34. Qxc4 Kf7 35. Ra3 Qh1+ 36. Ke2 Qxg2 37. Rb3 f4 38. Rxb7+ Kf6 39. Rxg7 Rxe3+ 40. Kd1 Qg1+ 41. Kc2 Qxf2+ 42. Kb3 Kxg7 43. Qxa6 Re2 44. Qb7+ Kh6 45. Qf7 Rb2+ 46. Ka3 Ra2+ 47. Qxa2 Qxa2+ 48. Kxa2 Kg5 49. d5 cxd5 50. c6 f3 51. c7 f2 52. c8=Q f1=Q 53. Qd8+ Kh6 54. Qxd5 Qg2+ 1-0

[Event "NSV Open-ch Rapid 2019"]
[Site "Lueneburg"]
[Date "2019.08.04"]
[Round "6.18"]
[White "Wirries, Frank-Michael"]
[Black "Rempe, Jonas"]
[Result "0-1"]
[ECO "C27"]
[WhiteElo "1858"]
[BlackElo "1839"]
[Annotator "NA RC"]
[PlyCount "61"]
[EventDate "2019.08.03"]
[EventType "swiss"]
[EventCountry "GER"]
[SourceTitle "playchess.com"]
[Source "ChessBase"]
[SourceQuality "1"]
[TimeControl "600+5"]

1. e4 e5 2. Nc3 Nf6 3. Bc4 Nxe4 4. Qh5 Nd6 5. Bb3 Be7 6. Nf3 O-O 7. Nxe5 Nc6 8. Nd5 Bf6 9. Ng4 Be5 10. Nxe5 Nxe5 11. O-O Ng6 12. d4 c6 13. Bg5 Qa5 14. Bf4 Nb5 15. c4 cxd5 16. cxb5 Nxf4 17. Qf3 Ne6 18. Qxd5 Nc7 19. Qe4 Nxb5 20. Rfe1 Nd6 21. Qe7 Qb4 22. Re5 a5 23. Rae1 b6 24. Rd5 Nb7 25. Qe4 a4 26. Bc2 f5 27. Qe2 Nd6 28. a3 Qxb2 29. Rxd6 Ba6 30. Bb3+ Qxb3 31. Qf1 0-1

[Event "NSV Open-ch Rapid 2019"]
[Site "Lueneburg"]
[Date "2019.08.04"]
[Round "6.19"]
[White "Dralle, Hannes"]
[Black "Weidenhoefer, Max"]
[Result "1-0"]
[ECO "B13"]
[WhiteElo "1732"]
[BlackElo "1805"]
[Annotator "NA RC"]
[PlyCount "29"]
[EventDate "2019.08.03"]
[EventType "swiss"]
[EventCountry "GER"]
[SourceTitle "playchess.com"]
[Source "ChessBase"]
[SourceQuality "1"]
[TimeControl "600+5"]

1. e4 c6 2. d4 d5 3. exd5 cxd5 4. c4 Nf6 5. Nc3 Nc6 6. Bg5 dxc4 7. Bxc4 Qxd4 8. Qxd4 Nxd4 9. O-O-O Nc6 10. Nb5 Bd7 11. Nc7+ Kd8 12. Nxa8 Ne4 13. Bh4 Nd6 14. Rxd6 g5 15. Bxg5 1-0

[Event "NSV Open-ch Rapid 2019"]
[Site "Lueneburg"]
[Date "2019.08.04"]
[Round "6.20"]
[White "Harnack, Bernhard"]
[Black "Mundt, Alexandra"]
[Result "0-1"]
[ECO "A07"]
[WhiteElo "1712"]
[BlackElo "1756"]
[Annotator "NA RC"]
[PlyCount "121"]
[EventDate "2019.08.03"]
[EventType "swiss"]
[EventCountry "GER"]
[SourceTitle "playchess.com"]
[Source "ChessBase"]
[SourceQuality "1"]
[TimeControl "600+5"]

1. d3 d5 2. Nf3 Nc6 3. g3 e5 4. Bg2 f5 5. O-O Nf6 6. d4 e4 7. Ne5 Nxe5 8. dxe5 Ng4 9. Nc3 c6 10. e3 Nxe5 11. Qh5+ g6 12. Qe2 Bg7 13. f3 O-O 14. Bd2 Be6 15. Rf2 Nc4 16. Rb1 Qe7 17. a3 Rad8 18. Be1 d4 19. exd4 Bxd4 20. Nd1 Bd5 21. c3 Bxf2+ 22. Bxf2 Rfe8 23. f4 Bf7 24. Ne3 Rd2 25. Qe1 Red8 26. Nxc4 Bxc4 27. Bd4 Bd3 28. Qxd2 Bxb1 29. Qe1 Bd3 30. Qe3 b6 31. b4 Qf7 32. a4 Qa2 33. Qc1 Qxa4 34. h3 Qc2 35. Qa1 Rd7 36. g4 Qb1+ 37. Qxb1 Bxb1 38. Kf2 Bc2 39. Ke3 Bd1 40. g5 Kf7 41. h4 Ke6 42. Bf1 Rb7 43. Bc4+ Ke7 44. Bf6+ Kf8 45. Ba6 Rd7 46. Bc4 Ba4 47. Be5 Rd1 48. Be2 Rh1 49. Bd6+ Ke8 50. h5 gxh5 51. Kf2 Bb3 52. Kg2 Rc1 53. Be5 Rc2 54. Kf1 h4 55. Bd1 Bc4+ 56. Ke1 Ra2 57. Bh5+ Kd7 58. g6 hxg6 59. Bxg6 Be6 60. Bh5 h3 61. Be2 0-1

[Event "NSV Open-ch Rapid 2019"]
[Site "Lueneburg"]
[Date "2019.08.04"]
[Round "6.21"]
[White "Serrer, David"]
[Black "Marzik, Arne"]
[Result "1-0"]
[ECO "A13"]
[WhiteElo "1516"]
[BlackElo "1366"]
[Annotator "NA RC"]
[PlyCount "37"]
[EventDate "2019.08.03"]
[EventType "swiss"]
[EventCountry "GER"]
[SourceTitle "playchess.com"]
[Source "ChessBase"]
[SourceQuality "1"]
[TimeControl "600+5"]

1. c4 Nf6 2. Nf3 e6 3. e3 c5 4. a3 Nc6 5. d4 b6 6. g3 Bb7 7. Bg2 Be7 8. O-O O-O 9. Ne5 Rb8 10. Nxc6 Bxc6 11. d5 exd5 12. cxd5 Bb5 13. d6 Bxf1 14. dxe7 Qxe7 15. Kxf1 Rfd8 16. Nc3 Qe6 17. e4 b5 18. Bf4 Rb6 19. Bc7 1-0

[Event "NSV Open-ch Rapid 2019"]
[Site "Lueneburg"]
[Date "2019.08.04"]
[Round "6.25"]
[White "Schubert, Karl Heinz"]
[Black "Rick, Niklas Corvin"]
[Result "0-1"]
[ECO "B02"]
[WhiteElo "1335"]
[BlackElo "1444"]
[Annotator "NA RC"]
[PlyCount "60"]
[EventDate "2019.08.03"]
[EventType "swiss"]
[EventCountry "GER"]
[SourceTitle "playchess.com"]
[Source "ChessBase"]
[SourceQuality "1"]
[TimeControl "600+5"]

1. e4 d5 2. exd5 Nf6 3. Nc3 Nxd5 4. Bc4 Nxc3 5. bxc3 Bf5 6. Qf3 e6 7. Qxb7 Nd7 8. Nf3 Bd6 9. O-O O-O 10. Bb2 Rb8 11. Qa6 Rxb2 12. Bd3 Bxd3 13. Qxd3 Qe7 14. c4 Rd8 15. Qc3 Rbb8 16. d4 c5 17. d5 exd5 18. Rae1 Qf8 19. cxd5 Nb6 20. Ng5 Nxd5 21. Qd3 Nf6 22. Re3 Bxh2+ 23. Kxh2 Rxd3 24. Rxd3 Rd8 25. Rh3 Rd2 26. Kg3 Qd6+ 27. f4 Rxc2 28. Rfh1 Qd3+ 29. Kh2 Ng4+ 30. Kg1 Qd1# 0-1

[Event "NSV Open-ch Rapid 2019"]
[Site "Lueneburg"]
[Date "2019.08.04"]
[Round "7.4"]
[White "Kahlert, Thomas"]
[Black "Jahncke, Giso"]
[Result "0-1"]
[ECO "E91"]
[WhiteElo "2152"]
[BlackElo "2325"]
[Annotator "ChessBase"]
[PlyCount "172"]
[EventDate "2019.08.03"]
[EventType "swiss"]
[EventCountry "GER"]
[SourceTitle "playchess.com"]
[Source "ChessBase"]
[SourceQuality "1"]
[TimeControl "600+5"]

1. Nf3 g6 2. d4 Nf6 3. c4 Bg7 4. Nc3 O-O 5. e4 d6 6. Be2 Bg4 7. Be3 Nfd7 8. Ng1 Bxe2 9. Ngxe2 a6 10. O-O c5 11. f3 Nc6 12. Qd2 Rb8 13. Rfd1 b5 14. cxb5 axb5 15. dxc5 Nxc5 16. Rac1 b4 17. Nd5 Qa5 18. Nd4 Bxd4 19. Bxd4 Rfe8 20. Bxc5 dxc5 21. Qc2 Rb5 22. b3 Ra8 23. h4 e6 24. Nf6+ Kg7 25. Nd7 Nd4 26. Qc4 Rd8 27. Nxc5 Nxf3+ 28. gxf3 Rxd1+ 29. Rxd1 Rxc5 30. Qd4+ e5 31. Qd2 Rc3 32. Kg2 Qc7 33. Kg3 Rc2 34. Qd6 Qc3 35. h5 gxh5 36. Qd3 Qxd3 37. Rxd3 Rxa2 38. Rd5 Rb2 39. Rxe5 Rxb3 40. Rxh5 Rb1 41. Kg2 b3 42. Rb5 Kf6 43. Kh2 Ke6 44. Kg2 Kd6 45. Rb7 Ke6 46. Rb5 Kd6 47. Rb7 Kc6 48. Rb8 Kc5 49. Rb7 Kc6 50. Rb4 h5 51. Rb8 h4 52. Rb4 Kc5 53. Rb8 Kc4 54. Rb7 f6 55. Rb6 Kc5 56. Rb8 Kd6 57. Rb5 Ke6 58. Kh2 h3 59. f4 Kd6 60. Kxh3 b2 61. Kg2 Kc6 62. Rb8 Kc5 63. Rb7 Kd4 64. Rb4+ Ke3 65. e5 fxe5 66. fxe5 Kd3 67. Rb7 Kc3 68. e6 Re1 69. e7 Rxe7 70. Rxe7 b1=Q 71. Re2 Qf5 72. Kg3 Kd3 73. Rf2 Qg5+ 74. Kf3 Qh4 75. Kg2 Qg4+ 76. Kf1 Ke3 77. Rh2 Qf3+ 78. Kg1 Qg3+ 79. Rg2 Qe1+ 80. Kh2 Kf3 81. Rc2 Qh4+ 82. Kg1 Qg5+ 83. Kf1 Qb5+ 84. Ke1 Qb4+ 85. Kd1 Ke3 86. Kc1 Kd3 0-1